 Dungeon Crawl Stone Soup version 0.20-a0-709-gd40821f (webtiles) character file.

0 Goblin1989 the Sneak (level 1, 0/10 HPs)
             Began as a Spriggan Assassin on Feb 21, 2017.
             Succumbed to an adder's poison
             ... on level 3 of the Dungeon.
             The game lasted 00:03:01 (270 turns).

Goblin1989 the Sneak (Spriggan Assassin)             Turns: 270, Time: 00:03:02

Health: 0/10       AC:  3    Str:  7    XL:     1   Next: 8%
Magic:  2/2        EV: 17    Int: 12    God:
Gold:   37         SH:  0    Dex: 17    Spells: 0/0 levels left

rFire    . . .     SeeInvis +   a - +2 dagger
rCold    . . .     Gourm    .   c - +0 robe
rNeg     . . .     Faith    .   (shield restricted)
rPois    .         Spirit   .   (helmet restricted)
rElec    .         Reflect  .   d - +0 cloak
rCorr    .         Harm     .   (gloves unavailable)
MR       .....                  (boots unavailable)
Stlth    +++.......             (no amulet)
Regen    0.1/turn               (no ring)
MPRegen  0.1/turn               (no ring)

@: lethally poisoned (0 -> -6), very quick
A: unfitting armour, see invisible, herbivore 3, speed 3, slow metabolism 2
a: no special abilities


You were on level 3 of the Dungeon.
You were not hungry.

You visited 1 branch of the dungeon, and saw 3 of its levels.

You collected 37 gold pieces.

Inventory:

Hand Weapons
 a - a +2 dagger (weapon)
 m - a +0 war axe
 w - a +0 blowgun {@w1}
Missiles
 f - 5 curare-tipped needles
 g - 8 poisoned needles
 j - 23 stones (quivered)
Armour
 b - a +0 chain mail
 c - a +0 robe (worn)
 d - a +0 cloak (worn)
 h - a +0 chain mail
Scrolls
 l - 2 scrolls of identify {unknown}
Potions
 i - a potion of lignification {unknown}
 k - a potion of haste {unknown}
 n - a potion of curing {unknown}
 o - a potion of heal wounds {unknown}
Comestibles
 e - a bread ration {@e1}


   Skills:
 - Level 1.5 Fighting
 - Level 2.1 Short Blades
 - Level 2.0 Throwing
 - Level 1.5 Dodging
 + Level 5.9 Stealth


You couldn't memorise any spells.
You didn't know any spells.

Dungeon Overview and Level Annotations

Branches:
Dungeon (3/15)

Altars:
Ieoh Jian


Innate Abilities, Weirdness & Mutations

You are very small and have problems with some larger weapons.
You are too small for most types of armour.
You have supernaturally acute eyesight. (SInv)
You are a herbivore.
You cover ground extremely quickly.
You need consume almost no food.


Message History

The kobold shouts!
A rat comes into view.
A hobgoblin comes into view.
You see here 23 stones.
j - 23 stones
k - a smoky sapphire potion
There are no items here.
The jackal barely misses you. 2 hobgoblins come into view.
The hobgoblin shouts!
The hobgoblin moves out of view.
A leopard gecko and a hobgoblin come into view.
The leopard gecko hisses angrily.
You see here a scroll labeled UPON VAERIEZEK.
l - a scroll labeled UPON VAERIEZEK The jackal misses you.
A kobold comes into view. It is wielding a short sword.
A quokka and a goblin come into view.
You see here a scroll labeled UPON VAERIEZEK.
l - 2 scrolls labeled UPON VAERIEZEK (gained 1)
The hobgoblin misses you.
The kobold throws a stone.
The stone barely misses you.
The kobold throws a stone.
The stone hits you but does no damage.
You see here a stone.
The hobgoblin shouts!
Found a stone staircase leading down.
A goblin comes into view. It is wielding a dagger.
Found a stone staircase leading down.
There is a stone staircase leading down here.
You climb downwards.
A bat and a worm come into view.
Found a stone staircase leading down and a stone staircase leading up.
There is a stone staircase leading up here.
You see here a war axe.
The helpless bat fails to defend itself.
You stick the bat like a pincushion!!!
You kill the bat!
m - a war axe
There is a stone staircase leading up here.
An adder and a giant cockroach come into view.
You see here a whip.
The adder hisses angrily.
You see here a sedimented orange potion.
n - a sedimented orange potion An adder comes into view.
You now have 37 gold pieces (gained 9).
There are no items here.
A jackal comes into view. 2 jackals come into view.
A jackal comes into view.
The jackal barks!
A frilled lizard comes into view.
The frilled lizard hisses angrily.
The jackal barks!
The jackal closely misses you. The jackal bites you.
An adder comes into view.
You take 2 damage, and have 8/10 hp.
The adder hisses angrily.
The jackal closely misses you.
The jackal bites you but does no damage.
The jackal completely misses you.
A giant cockroach comes into view.
An orc comes into view. It is wielding a club.
The frilled lizard misses you.
You see here a pink potion.
o - a pink potion The jackal barely misses you.
The frilled lizard misses you.
The orc shouts!
The jackal completely misses you. The jackal barely misses you.
The adder closely misses you. The jackal barely misses you.
The adder bites you.
You take 2 damage, and have 6/10 hp.
You hit the giant cockroach.
The giant cockroach is heavily wounded.
The jackal misses you. x2; The giant cockroach bites you.
* * * LOW HITPOINT WARNING * * *
The jackal misses you. The jackal barely misses you.
The adder closely misses you. The jackal closely misses you.
You take 2 damage, and have 4/10 hp.
The giant cockroach barely misses you. The adder misses you.
The giant cockroach closely misses you.
Unknown command.
The adder hisses angrily.
You miss the adder. The adder misses you. The adder bites you.
* * * LOW HITPOINT WARNING * * *
You are lethally poisoned!
The adder poisons you!
You take 1 damage, and have 3/10 hp.
* * * LOW HITPOINT WARNING * * *
You feel sick.
You take 1 damage, and have 2/10 hp.
* * * LOW HITPOINT WARNING * * *
You feel sick.
You take 1 damage, and have 1/10 hp.
Found an escape hatch in the floor.
* * * LOW HITPOINT WARNING * * *
You feel sick.
You take 1 damage, and have 1/10 hp.
There is an escape hatch in the floor here.
You die... █.o.████....███ █..s█ █..██.█ ██. █..h█ ..██ .█ ... █...█ .█ ... .. █.h.█ .██?! . .. █...█ ... .█ █...██.█ .█ █.....█ ██[█ . █...█h█ █@.███.█. ███S█S█

█........ █.█.█
██...██.█. █.█.█
█..█?...█ █.█.██
███S.███....
█.█.h██████.h..█
...█
█.██..S..hS....█
..█
█.██.........█...█
..
█.██...........███


You could see an adder and a jackal.

Vanquished Creatures
  A bat (D:3)
1 creature vanquished.

Notes
Turn   | Place    | Note
-------+----------+-------------------------------------------
     0 | D:1      | Goblin1989 the Spriggan Assassin began the quest for the Orb.
     0 | D:1      | Reached XP level 1. HP: 10/10 MP: 2/2
    97 | D:2      | Found an ornate altar of the Ieoh Jian Council.
   270 | D:3      | Succumbed to an adder's poison

Vault maps used:
D:1:      dpeg_arrival_brainrot, serial_forest, infiniplex_forest_end_3,
          infiniplex_forest_end_2, infiniplex_forest_fountain,
          infiniplex_forest_end_1, infiniplex_forest_clump_small
D:2:      lemuel_crystal_altar, kiku_gazebo_garden_becter
D:3:      hangedman_ru_absence

Action                   || total
-------------------------++-------
Melee: Dagger            ||     3
 Stab: Sleeping          ||     1
Armor: Robe              ||     2
Dodge: Dodged            ||    28

Vault maps used:
D:1:      dpeg_arrival_brainrot, serial_forest, infiniplex_forest_end_3,
          infiniplex_forest_end_2, infiniplex_forest_fountain,
          infiniplex_forest_end_1, infiniplex_forest_clump_small
D:2:      lemuel_crystal_altar, kiku_gazebo_garden_becter
D:3:      hangedman_ru_absence
